 Dungeon Crawl Stone Soup version 0.29-a0-841-g116ddc6ace (webtiles) character file.

Game seed: 16522851366258228315

285836 wakim the Warrior (level 20, -8/189 HPs)
             Began as a Ghoul Fighter on July 14, 2022.
             Was an Initiate of Yredelemnul.
             Killed from afar by a pearl dragon (46 damage)
             ... with a blast of cleansing flame
             ... on level 2 of the Depths.
             The game lasted 02:49:58 (44815 turns).

wakim the Warrior (Ghoul Fighter)                  Turns: 44815, Time: 02:49:58

Health: -8/189     AC: 23    Str: 34    XL:     20   Next: 62%
Magic:  31/31      EV: 14    Int:  5    God:    Yredelemnul [......]
Gold:   1767       SH: 20    Dex: 12    Spells: 19/19 levels left

rFire   . . .      SeeInvis .     - Unarmed
rCold   + . .      Faith    .   f - +2 kite shield
rNeg    + + +      Spirit   .   r - +3 plate armour {Will+}
rPois   ∞          Reflect  +   d - +1 helmet
rElec   +          Harm     .   g - scarf {+Inv}
rCorr   +          Rampage  .   (no gloves)
Will    +++++                   i - +1 pair of boots of Fonadd {rN+ Dex+7}
Stlth   ..........              P - amulet of Uwin {Reflect Str+7 SH+5}
HPRegen 0.00/turn               k - ring "Polezuji" {rElec rF- rN++ Will+ EV+4}
MPRegen 0.22/turn               h - ring of the Prince {*Slow rF+ Will+++ rCorr Dex-3}

@: inhibited regen
A: claws 1, cold resistance 1, negative energy resistance 3, inhibited
regeneration, torment resistance 2, devour on kill
}: 2/15 runes: serpentine, barnacled
a: Renounce Religion, Evoke Invisibility, Recall Undead Harvest


You were on level 2 of the Depths.
You worshipped Yredelemnul.
Yredelemnul was most pleased with you.
You visited 7 branches of the dungeon, and saw 34 of its levels.

You collected 3018 gold pieces.
You spent 1251 gold pieces at shops.

Inventory:

Hand Weapons
 b - a +5 sling of venom
 M - a +2 demon trident of freezing
Missiles
 n - 2 throwing nets {=f!f}
Armour
 d - a +1 helmet (worn)
 f - a +2 kite shield (worn)
 g - a scarf of invisibility (worn)
 i - the +1 pair of boots of Fonadd (worn) {rN+ Dex+7}
   (You found it on level 3 of the Dungeon)

   Dex:       It affects your dexterity (+7).
   rN:        It protects you from negative energy.
 r - a +3 plate armour of willpower (worn)
 Q - a +0 tower shield
Jewellery
 e - a ring of fire
 h - the ring of the Prince (right claw) {*Slow rF+ Will+++ rCorr Dex-3}
   (You found it on level 3 of the Lair of Beasts)

   [ring of protection from fire]

   Dex:       It affects your dexterity (-3).
   rF:        It protects you from fire.
   rCorr:     It protects you from acid and corrosion.
   *Slow:     It may slow you when you take damage.
   Will:      It greatly increases your willpower.
 j - a ring of flight
 k - the ring "Polezuji" (left claw) {rElec rF- rN++ Will+ EV+4}
   (You found it on level 3 of the Lair of Beasts)

   [ring of evasion]

   EV:        It affects your evasion (+4).
   rF:        It makes you vulnerable to fire.
   rElec:     It insulates you from electricity.
   rN:        It greatly protects you from negative energy.
   Will:      It increases your willpower.
 p - a ring of ice
 s - a +4 ring of evasion
 P - the amulet of Uwin (around neck) {Reflect Str+7 SH+5}
   (You took it off an orc priest on level 4 of the Dungeon)

   [amulet of reflection]

   It reflects blocked missile attacks.
   Str:       It affects your strength (+7).
   SH:        It affects your SH (+5).
Wands
 q - a wand of flame (23)
 t - a wand of digging (19)
 u - a wand of mindburst (12)
 y - a wand of paralysis (29)
 z - a wand of polymorph (8)
 C - a wand of roots (16)
 L - a wand of light (23)
Scrolls
 a - a scroll of enchant weapon
 c - 2 scrolls of brand weapon
 o - 6 scrolls of enchant armour
 x - 4 scrolls of torment
 R - 4 scrolls of magic mapping {!r}
 S - a scroll of summoning
 T - 17 scrolls of teleportation
 U - 2 scrolls of fear
 V - 2 scrolls of vulnerability {!r!r}
 W - 3 scrolls of poison
 X - 11 scrolls of fog
 Y - 4 scrolls of blinking {!r}
 Z - a scroll of silence {!r}
Potions
 A - a potion of ambrosia
 B - 8 potions of attraction {!q}
 D - 2 potions of brilliance
 E - 5 potions of cancellation
 F - 18 potions of curing
 G - 4 potions of flight
 H - 5 potions of haste
 I - a potion of invisibility
 J - a potion of heal wounds
 K - 4 potions of magic
 N - 6 potions of might
 O - 4 potions of resistance
Miscellaneous
 l - a condenser vane
 m - a phantom mirror
 v - a lightning rod (4/4)
 w - a phial of floods


   Skills:
 + Level 18.4 Fighting
 - Level 3.0 Ranged Weapons
 - Level 12.0 Armour
 - Level 6.0 Dodging
 * Level 14.6 Shields
 - Level 18.0 Unarmed Combat
 + Level 16.9 Invocations
 - Level 9.0 Evocations


You had 19 spell levels left.
You didn't know any spells.
Your spell library contained the following spells:

 Spells                   Type           Power      Damage    Failure   Level
 Apportation              Tloc           0%         N/A       99%         1
 Magic Dart               Conj           0%         1d3       99%         1
 Blink                    Tloc           0%         N/A       100%        2
 Ensorcelled Hibernation  Hex/Ice        0%         N/A       100%        2
 Passwall                 Tmut/Erth      0%         N/A       100%        2
 Poisonous Vapours        Pois/Air       0%         N/A       100%        2
 Scorch                   Fire           0%         2d5       100%        2
 Searing Ray              Conj           0%         2d4       100%        2
 Static Discharge         Conj/Air       0%         3-3/arc   100%        2
 Call Canine Familiar     Summ           0%         N/A       100%        3
 Ozocubu's Armour         Ice            0%         N/A       100%        3
 Portal Projectile        Hex/Tloc       0%         N/A       100%        3
 Swiftness                Air            0%         N/A       100%        3
 Animate Armour           Summ/Erth      0%         N/A       100%        4
 Corpse Rot               Necr/Pois/Air  0%         N/A       100%        4
 Dispel Undead            Necr           0%         3d6       100%        4
 Flame Wave               Conj/Fire      0%         2d4       100%        4
 Fulminant Prism          Conj/Hex       0%         3d6       100%        4
 Iskenderun's Mystic Bla  Conj/Tloc      0%         2d3       100%        4
 Leda's Liquefaction      Hex/Erth       0%         N/A       100%        4
 Sticky Flame             Conj/Fire      0%         2d3       100%        4
 Alistair's Intoxication  Tmut/Pois      0%         N/A       100%        5
 Borgnjor's Vile Clutch   Necr/Erth      0%         N/A       100%        5
 Lee's Rapid Deconstruct  Erth           0%         3d5*      100%        5
 Manifold Assault         Tloc           0%         N/A       100%        5
 Metabolic Englaciation   Hex/Ice        0%         N/A       100%        5
 Dispersal                Tloc           0%         N/A       100%        6
 Iron Shot                Conj/Erth      0%         9d1       100%        6
 Summon Cactus Giant      Summ           0%         N/A       100%        6
 Malign Gateway           Summ/Tloc      0%         N/A       100%        7
 Disjunction              Tloc           0%         N/A       100%        8
 Summon Horrible Things   Summ           0%         N/A       100%        8
 Animate Dead             Necr           Unusable   N/A       N/A         4
 Blade Hands              Tmut           Unusable   N/A       N/A         5
 Death Channel            Necr           Unusable   N/A       N/A         6
 Simulacrum               Ice/Necr       Unusable   N/A       N/A         6
 Storm Form               Tmut/Air       Unusable   N/A       N/A         7

Dungeon Overview and Level Annotations

Branches:
Dungeon (15/15) Zot: 23974  Temple (1/1) D:6 Zot: 5809    Lair (6/6) D:11 Zot: 24703
 Shoals (4/4) Lair:3 Zot: 18252   Snake (4/4) Lair:3 Zot: 16538   Slime (0/5) Lair:6
    Orc (2/2) D:10 Zot: 9844     Elf (0/3) Orc:2        Vaults (0/5) D:14
 Depths (2/4) D:15 Zot: 9164

Altars:
Ashenzari
Cheibriados
Dithmenos
Fedhas
Gozag
Hepliaklqana
Kikubaaqudgha
Makhleb
Nemelex Xobeh
Okawaru
Qazlal
Ru
Sif Muna
Trog
Uskayaw
Vehumet
Wu Jian
Xom
Yredelemnul

Shops:
D:10 **   D:12 *   D:15 :   Orc:2 [:*(   Shoals:4 *   Snake:1 *   Depths:1 *(([
Depths:2 *(*

Portals:
Hell: Depths:1 Depths:2
Ziggurat: Depths:1
Bazaar: Snake:3
Trove: D:12 (give +7 demon trident)

Annotations:
D:15 2 transporters
Depths:2 2 transporters, exclusion: 2 orange crystal statues, Vorhees's ghost, adept TrGl; inmateoo's ghost, veteran MiFi


Innate Abilities, Weirdness & Mutations

You are immune to poison.
You have sharp fingernails.
Your flesh is cold resistant. (rC+)
You are immune to negative energy. (rN+++)
You do not regenerate when monsters are visible.
You are immune to unholy pain and torment.
You thrive by killing the living.


Message History

The pearl dragon breathes cleansing flame at you.
The blast of cleansing flame engulfs you.
You writhe in agony!
* * * LOW HITPOINT WARNING * * *
You block the pearl dragon's attack. The pearl dragon claws you!
* * * LOW HITPOINT WARNING * * *
The pearl dragon sears you!
* * * LOW HITPOINT WARNING * * *
38/189 (-28)
You claw the pearl dragon!
The pearl dragon is moderately wounded.
The pearl dragon is engulfed in poison gas.
The pearl dragon is poisoned.
You block the pearl dragon's attack. The pearl dragon closely misses you.
You scratch the pearl dragon.
The pearl dragon is moderately wounded.
You barely miss the pearl dragon.
The pearl dragon is moderately wounded.
The pearl dragon looks even sicker.
The pearl dragon breathes cleansing flame at you.
The blast of cleansing flame misses you.
You closely miss the pearl dragon.
The pearl dragon is moderately wounded.
The pearl dragon is engulfed in poison gas.
The pearl dragon looks even sicker.
The pearl dragon misses you.
The pearl dragon claws you but does no damage.
You miss the pearl dragon.
The pearl dragon is moderately wounded.
The pearl dragon is engulfed in poison gas.
The pearl dragon looks as sick as possible!
The pearl dragon misses you. The pearl dragon closely misses you.
You mangle the pearl dragon!!
The pearl dragon is heavily wounded.
The pearl dragon is engulfed in poison gas.
The pearl dragon looks as sick as possible!
The pearl dragon breathes cleansing flame at you.
The blast of cleansing flame engulfs you!!!
You writhe in agony!
You die...
Yredelemnul claims you as an undead slave.

...#..###..#...........
...#..###..#...........#
####.##.##.#§§§☼§☼☼§§§§#
#.#...#.#§§§§§☼§☼§§☼#
#.#...#§#☼☼§☼§§☼§§§§#
#.......§§§§§§☼§☼§§§#
##########§§§§☼§§§☼§#
#§§§§§§§§§§#
#§§§@§§☼§§§#
#§§§D§§§§☼§#
#§§§§§§§§§§#
#P§§§§§.§§§#
#§§§.....§§#
#P§.......☼#
#§§........#
#§........##
+..........#


You could see a pearl dragon (extremely poisoned, catching breath).

Vanquished Creatures
  A dread lich (Depths:1)
  Vashnia (Snake:2)
  A kraken (Shoals:1)
  3 nagarajas
  A frost giant (Shoals:4)
  An orc warlord (Orc:2)
  A balrug (Depths:1)
  Aizul (Snake:3)
  3 very ugly things (Depths:1)
  A stone giant (D:15)
  4 dire elephants (Lair:6)
  The ghost of Itiwer the Nimble, a journeyman DjIE of Makhleb (Lair:3)
  2 spark wasps (D:15)
  5 ettins
  A merfolk javelineer (Shoals:3)
  4 merfolk impalers
  2 fire dragons (Depths:2)
  A vault guard (D:12)
  4 hydras
  3 salamander tyrants (Snake:4)
  Erolcha (Orc:1)
  4 anacondas
  3 two-headed ogres
  7 centaur warriors
  An ice dragon (Depths:2)
  A boulder beetle (D:9)
  An alligator snapping turtle (Shoals:4)
  A merfolk avatar (Shoals:1)
  8 naga warriors
  3 tengu warriors
  2 satyrs
  2 deep troll shamans (Depths:2)
  2 merfolk aquamancers
  6 deep troll earth magi (Depths:2)
  A spriggan berserker (Depths:1)
  2 orc high priests (Orc:2)
  7 naga sharpshooters
  4 shock serpents
  Nergalle (D:11)
  A hell knight (Depths:2)
  A spectral death yak (Lair:6)
  A flayed ghost (Depths:2)
  2 iron trolls (Depths:2)
  A skeletal warrior (D:14)
  2 salamander mystics
  7 sea snakes
  8 deep trolls
  An orange crystal statue (Lair:3)
  A naga ritualist (Snake:3)
  11 harpies
  2 obsidian statues
  Pikel (D:5)
  2 necromancers (Lair:6)
  2 lindwurms
  5 mana vipers
  A deep elf pyromancer (D:15)
  3 orc sorcerers
  7 cyclopes
  7 ugly things
  10 fauns
  9 salamanders
  5 manticores
  4 merfolk sirens
  2 guardian serpents
  Joseph (D:8)
  18 black mambas
  A cane toad (shapeshifter) (D:15)
  7 elephants
  A dire elephant zombie (Lair:6)
  5 water nymphs
  A gargoyle (D:10)
  8 naga magi
  A centaur skeleton (D:14)
  9 cane toads
  An efreet (D:15)
  6 komodo dragons
  A yaktaur (shapeshifter) (Depths:1)
  3 freezing wraiths
  3 rime drakes
  2 yaktaurs (D:14)
  2 wind drakes (Shoals:4)
  A tengu conjurer (Depths:1)
  3 meliai
  14 merfolk
  2 trolls
  2 dream sheep
  Prince Ribbit (D:6)
  Grinder (D:4)
  4 hornets
  8 slime creatures
  11 blink frogs
  A centaur simulacrum (D:12)
  4 snapping turtles
  3 wraiths
  A shadow (D:10)
  4 wyverns
  A vampire (D:12)
  4 water elementals
  47 yaks
  Eustachio (D:5)
  5 basilisks
  A steam dragon (D:8)
  3 vampire mosquitoes (D:10)
  Menkaure (D:6)
  A spectral cane toad (Lair:6)
  4 wargs
  24 nagas
  3 acid dragons
  11 water moccasins
  2 ice beasts
  14 orc warriors
  Duvessa (D:6)
  4 black bears
  A sky beast (D:7)
  3 ogres
  2 elephant skeletons (Lair:6)
  5 wolves
  12 centaurs
  2 phantoms
  3 lemures (D:5)
  A kobold brigand (D:8)
  6 bullfrogs
  A necrophage (D:5)
  2 scorpions
  2 cane toad simulacra (Lair:6)
  15 wights
  Dowan (D:6)
  An elephant simulacrum (Lair:6)
  4 killer bees (D:9)
  An electric eel (Lair:4)
  4 howler monkeys
  A hound (D:5)
  9 orc priests
  A gnoll bouda (D:4)
  4 iguanas
  13 orc wizards
  A hell rat (Lair:4)
  6 gnolls
  8 adders
  A shadow imp (D:7)
  2 white imps
  3 ufetubi
  2 worms (D:3)
  6 dart slugs
  50 orcs
  5 bats
  13 endoplasms
  4 giant cockroaches
  12 goblins
  10 hobgoblins
  4 jackals
  4 quokkas
  7 ball pythons
  5 frilled lizards
  17 kobolds
  5 rats
  4 tentacles
714 creatures vanquished.

Vanquished Creatures (collateral kills)
  2 liches
  3 krakens
  3 nagarajas
  Ilsuiw (Shoals:3)
  12 slime creatures
  The ghost of Itiwer the Nimble, a journeyman DjIE of Makhleb (Lair:3)
  2 spark wasps
  Snorg (Orc:1)
  8 merfolk impalers
  A merfolk javelineer (Shoals:4)
  The ghost of Tousas the Cleaver, a journeyman DDFi of Makhleb (Lair:3)
  A rakshasa (Depths:2)
  2 boulder beetles (D:12)
  A spriggan air mage (Depths:2)
  3 anacondas
  7 hydras
  An ogre mage (D:14)
  2 merfolk aquamancers (Shoals:4)
  2 merfolk avatars
  2 satyrs
  3 naga warriors
  A two-headed ogre (D:12)
  2 centaur warriors
  2 deep troll earth magi
  5 death yaks (Lair:5)
  3 tengu warriors
  A sun demon (Depths:1)
  5 naga sharpshooters
  An iron troll (Depths:2)
  An orc high priest (Orc:2)
  A shock serpent (Snake:1)
  A hell knight (Depths:2)
  A spectral death yak (Lair:6)
  6 sea snakes
  2 deep trolls (Depths:2)
  A spectral anaconda (Lair:6)
  A salamander mystic (Snake:4)
  2 naga ritualists
  A wizard (Depths:1)
  7 harpies
  A deep elf pyromancer (D:15)
  6 orc knights
  A necromancer (Lair:6)
  2 mana vipers
  7 fauns
  5 cyclopes
  2 salamanders
  An orc sorcerer (Orc:2)
  8 manticores
  2 ugly things
  2 guardian serpents
  15 merfolk sirens
  17 black mambas
  3 elephants (Lair:5)
  4 water nymphs
  A torpor snail (Lair:4)
  A smoke demon (Depths:1)
  4 naga magi
  10 cane toads
  Maggie (D:8)
  A rime drake (Lair:3)
  3 centaur skeletons (D:14)
  2 komodo dragons
  2 yaktaurs (D:14)
  2 unseen horrors
  A polar bear (Lair:1)
  23 merfolk
  A troll (Orc:2)
  3 meliai
  4 wind drakes
  9 blink frogs
  A tyrant leech (shapeshifter) (Depths:2)
  5 dream sheep (Shoals:3)
  4 snapping turtles
  A centaur simulacrum (D:12)
  4 water elementals
  4 wyverns
  A dire elephant simulacrum (Lair:6)
  25 yaks
  A wraith (D:11)
  2 basilisks
  3 vampire mosquitoes
  A spectral cane toad (Lair:6)
  13 nagas
  3 wargs (Orc:2)
  2 water moccasins
  21 orc warriors
  2 black bears (D:11)
  3 ice beasts
  An elephant zombie (Lair:6)
  4 wolves
  5 ogres
  9 centaurs
  13 bullfrogs
  A scorpion (D:11)
  2 cane toad simulacra (Lair:6)
  A wight (D:10)
  An elephant simulacrum (Lair:6)
  3 electric eels
  A howler monkey (D:10)
  8 orc priests
  2 jellies (Lair:6)
  5 orc wizards
  A human zombie (D:8)
  A boggart simulacrum (D:12)
  2 gnolls (Orc:1)
  An adder (D:12)
  23 orcs
  4 butterflies (Lair:6)
  A plant (D:8)
  3 tentacles
  A withered plant (Lair:6)
436 creatures vanquished.

Vanquished Creatures (others)
  A spectral frost giant (Depths:2)
  A kraken zombie (Shoals:1)
  A spectral hydra (Snake:2)
  A spark wasp zombie (Depths:1)
  A spectral human (Depths:2)
  An ugly thing zombie (D:13)
  A manticore (Shoals:4)
  2 shock serpent zombies
  A sea snake zombie (Shoals:2)
  An iron troll zombie (Depths:2)
  Psyche (D:9)
  A spriggan zombie (Depths:2)
  7 harpy zombies
  2 meliai zombies (D:13)
  A spectral komodo dragon (Lair:1)
  A guardian serpent zombie (Snake:4)
  8 black mamba zombies
  A salamander zombie (Snake:3)
  2 faun zombies
  A deep troll zombie (Depths:2)
  2 human zombies (Depths:2)
  A naga (Snake:4)
  A two-headed ogre zombie (D:14)
  A cane toad zombie (Lair:3)
  A spectral efreet (D:15)
  A water moccasin (Lair:1)
  A manticore zombie (Shoals:4)
  A hornet zombie (D:8)
  4 merfolk zombies
  A blink frog zombie (Lair:3)
  3 vampire mosquito zombies (D:10)
  2 wyvern zombies
  7 naga zombies
  4 water moccasin zombies
  4 yak zombies
  A wolf zombie (Lair:3)
  4 bullfrog zombies
  4 centaur zombies (D:14)
  A basilisk zombie (Lair:1)
  An orc wizard (D:9)
  A sky beast zombie (D:7)
  A howler monkey zombie (D:11)
  An orc (D:9)
  2 endoplasm zombies (Lair:6)
  3 kobold zombies (D:8)
  28 orc zombies
  118 fungi
  340 plants
  27 tentacles
  23 withered plants
625 creatures vanquished.

Grand Total: 1775 creatures vanquished

Notes
Turn   | Place    | Note
-------+----------+-------------------------------------------
     0 | D:1      | wakim the Ghoul Fighter began the quest for the Orb.
     0 | D:1      | Reached XP level 1. HP: 19/19 MP: 0/0
   174 | D:1      | Reached XP level 2. HP: 26/26 MP: 1/1
   403 | D:1      | Reached XP level 3. HP: 31/31 MP: 2/2
  1227 | D:2      | Reached XP level 4. HP: 34/40 MP: 3/3
  1739 | D:3      | Identified the +1 pair of boots of Fonadd {rN+ Dex+7}
  1766 | D:3      | Noticed a scorpion
  1819 | D:3      | Killed a scorpion
  1820 | D:3      | Reached XP level 5. HP: 29/46 MP: 4/4
  1848 | D:3      | Found a faded altar of an unknown god.
  2691 | D:3      | Reached XP level 6. HP: 51/53 MP: 5/5
  2713 | D:3      | Reached skill level 1 in Ranged Weapons
  2724 | D:4      | Found a burning altar of Makhleb.
  2931 | D:4      | Noticed Grinder
  2950 | D:4      | Paralysed by Grinder for 4 turns
  2963 | D:4      | Killed Grinder
  2964 | D:4      | Reached skill level 5 in Fighting
  2964 | D:4      | Reached skill level 5 in Unarmed Combat
  2964 | D:4      | Reached XP level 7. HP: 54/61 MP: 6/6
  3271 | D:5      | Entered Level 5 of the Dungeon
  3364 | D:5      | Noticed Pikel
  3814 | D:5      | Reached XP level 8. HP: 70/70 MP: 7/7
  3859 | D:5      | Killed Pikel
  3918 | D:5      | Noticed Eustachio
  3929 | D:5      | Killed Eustachio
  4272 | D:5      | Identified the amulet of Uwin {Reflect Str+7 SH+5}
  4445 | D:6      | Noticed Menkaure
  4452 | D:6      | Killed Menkaure
  4453 | D:6      | Reached XP level 9. HP: 79/79 MP: 8/8
  4460 | D:6      | Noticed Duvessa
  4460 | D:6      | Noticed Dowan
  4481 | D:6      | Killed Duvessa
  4487 | D:6      | Killed Dowan
  4849 | D:6      | Found a radiant altar of Vehumet.
  5079 | D:6      | Noticed Prince Ribbit
  5113 | D:6      | Killed Prince Ribbit
  5114 | D:6      | Reached skill level 10 in Unarmed Combat
  5230 | D:6      | Found an ornate altar of the Wu Jian Council.
  5376 | D:6      | Found a staircase to the Ecumenical Temple.
  5447 | Temple   | Entered the Ecumenical Temple
  5512 | Temple   | Became a worshipper of Yredelemnul the Dark
  5894 | D:7      | Reached * piety under Yredelemnul
  6069 | D:7      | Reached ** piety under Yredelemnul
  6662 | D:8      | Noticed Joseph
  6667 | D:8      | Reached XP level 10. HP: 86/90 MP: 9/9
  6677 | D:8      | Killed Joseph
  6746 | D:8      | Reached skill level 5 in Armour
  6788 | D:8      | Found a stormy altar of Qazlal.
  6799 | D:8      | Noticed Maggie
  6805 | D:8      | Noticed an eight-headed hydra
  6810 | D:8      | Killed an eight-headed hydra
  6813 | D:8      | Killed Maggie
  6813 | D:8      | Your ally Maggie died
  6815 | D:8      | Reached *** piety under Yredelemnul
  6825 | D:8      | Reached **** piety under Yredelemnul
  6949 | D:8      | Reached ***** piety under Yredelemnul
  7578 | D:8      | bestwep
  7578 | D:8      | !bestwep
  7581 | D:9      | Noticed a boulder beetle
  7593 | D:9      | Killed a boulder beetle
  7594 | D:9      | Reached skill level 10 in Fighting
  7594 | D:9      | Reached XP level 11. HP: 65/99 MP: 10/10
  7910 | D:9      | Noticed Psyche
  7927 | D:9      | Killed Psyche
  8283 | D:9      | Noticed a two-headed ogre
  8291 | D:9      | Killed a two-headed ogre
  8576 | D:10     | Entered Level 10 of the Dungeon
  8609 | D:10     | Reached skill level 1 in Invocations
  8702 | D:10     | Reached skill level 1 in Evocations
  8706 | D:10     | Found a staircase to the Orcish Mines.
  9301 | D:10     | Found Qinukkyb's General Store.
  9306 | D:10     | Found Eplecvevuo's Specific Store.
  9310 | D:10     | Bought a potion of degeneration for 11 gold pieces
  9456 | D:11     | Noticed Nergalle
  9466 | D:11     | Killed Nergalle
  9467 | D:11     | Reached skill level 5 in Invocations
  9576 | D:11     | Reached XP level 12. HP: 96/112 MP: 14/14
  9628 | D:11     | Found a staircase to the Lair.
  9640 | D:11     | Reached ****** piety under Yredelemnul
 10566 | Lair:1   | Entered Level 1 of the Lair of Beasts
 10753 | Lair:1   | Reached skill level 5 in Shields
 10766 | Lair:1   | Reached skill level 5 in Evocations
 11442 | Lair:1   | Noticed a five-headed hydra
 11449 | Lair:1   | Killed a five-headed hydra
 12440 | Lair:2   | Identified the +6 arbalest of the Inferno {penet, rC+++
                  | Int+4 Dex-3}
 12917 | Lair:2   | Reached XP level 13. HP: 122/122 MP: 17/17
 13906 | Lair:3   | Found a staircase to the Snake Pit.
 14115 | Lair:3   | Identified the ring "Polezuji" {rElec rF- rN++ Will+ EV+4}
 14122 | Lair:3   | Identified the +7 spear of Jolear {speed, rF+ Str+3}
 14213 | Lair:3   | Found a runed translucent gate.
 14213 | Lair:3   | Found a runed translucent gate.
 14213 | Lair:3   | Found a runed translucent gate.
 14214 | Lair:3   | Noticed Itiwer's ghost (journeyman DjIE)
 14214 | Lair:3   | Noticed Itiwer's ghost (journeyman DjIE)
 14215 | Lair:3   | Noticed Tousas's ghost (journeyman DDFi)
 14239 | Lair:3   | Killed Itiwer's ghost
 14248 | Lair:3   | Killed Tousas's ghost
 14249 | Lair:3   | Killed Itiwer's ghost
 14256 | Lair:3   | Identified the +1 chain mail of Proximity {*Slow rN+ Will+}
 14268 | Lair:3   | Identified the ring of the Prince {*Slow rF+ Will+++ rCorr
                  | Dex-3}
 14533 | Lair:3   | Found a staircase to the Shoals.
 15486 | Lair:4   | Reached XP level 14. HP: 124/130 MP: 20/20
 15613 | Lair:4   | Identified the +8 long sword "Buloquxu" {venom, *Noise
                  | *Corrode rC++ rN+++}
 15650 | Lair:4   | Reached skill level 10 in Invocations
 17952 | Lair:6   | Entered Level 6 of the Lair of Beasts
 18011 | Lair:6   | Reached skill level 15 in Unarmed Combat
 18485 | Lair:6   | Found a staircase to the Slime Pits.
 18634 | Lair:6   | Noticed a dire elephant
 18634 | Lair:6   | Noticed a dire elephant
 18634 | Lair:6   | Noticed a dire elephant
 18635 | Lair:6   | Noticed a dire elephant
 18964 | Lair:6   | Identified the +1 leather armour "Neajoul" {Will+ Str+3
                  | Dex-3}
 19128 | Lair:6   | Killed a dire elephant
 19129 | Lair:6   | Reached XP level 15. HP: 124/139 MP: 17/23
 19868 | Orc:1    | Entered Level 1 of the Orcish Mines
 19868 | Orc:1    | Noticed Erolcha
 19870 | Orc:1    | Killed Erolcha
 19958 | Orc:1    | Reached skill level 15 in Fighting
 20344 | Orc:2    | Entered Level 2 of the Orcish Mines
 20352 | Orc:2    | Found Kuxutom's Antique Weapon Shoppe.
 20563 | Orc:2    | Found a staircase to the Elven Halls.
 20635 | Orc:2    | Found Ojevvy's General Store.
 20640 | Orc:2    | Reached skill level 1 in Dodging
 20789 | Orc:2    | Bought a potion of haste for 160 gold pieces
 20790 | Orc:2    | Bought a scroll of identify for 32 gold pieces
 20954 | Orc:2    | Noticed an orc warlord
 20955 | Orc:2    | Found Begong's Book Boutique.
 20972 | Orc:2    | Killed an orc warlord
 21066 | Orc:1    | Noticed Snorg
 21079 | Orc:1    | Killed Snorg
 21617 | Orc:2    | Found Inosuol's Antique Armour Shop.
 21660 | Orc:2    | Bought a pair of gloves for 148 gold pieces
 22394 | D:12     | Found Seimus's Serpentskin Sales.
 22819 | D:12     | Found a portal to a secret trove of treasure.
 23219 | D:13     | You fall into a shaft and drop 2 floors!
 23219 | D:15     | Entered Level 15 of the Dungeon
 23794 | D:15     | Found a transporter.
 23815 | D:15     | Found Emoet's Book Shop.
 24160 | D:15     | Reached skill level 10 in Shields
 24160 | D:15     | Reached XP level 16. HP: 102/150 MP: 24/24
 24297 | D:15     | Found a staircase to the Depths.
 24747 | D:15     | Reached skill level 10 in Armour
 24751 | D:15     | Found a transporter.
 25209 | D:15     | Found a transporter.
 25211 | D:15     | Found a transporter.
 26156 | D:14     | Found a gate to the Vaults.
 27102 | D:13     | Identified the +7 leather armour of Zuduuste {rC+}
 27195 | D:13     | Identified the +1 leather armour "Ziudir" {Int+3}
 27496 | Depths:1 | Entered Level 1 of the Depths
 27810 | Snake:1  | Entered Level 1 of the Snake Pit
 28207 | Snake:1  | Reached skill level 5 in Dodging
 28750 | Snake:1  | Found Eoqutauwn's Eclectic Emporium.
 28758 | Snake:1  | Bought a potion of experience for 550 gold pieces
 28758 | Snake:1  | Reached XP level 17. HP: 158/158 MP: 24/26
 28778 | Snake:1  | Upgraded the game from 0.29-a0-838-g385bb11a5b to
                  | 0.29-a0-841-g116ddc6ace
 29080 | Snake:2  | Reached XP level 18. HP: 151/166 MP: 27/27
 29546 | Snake:2  | Noticed Vashnia
 29572 | Snake:2  | Killed Vashnia
 30537 | Snake:3  | Identified the +10 dagger of Stickiness {vorpal, +Blink rN+
                  | Will+ Stlth+}
 30598 | Snake:3  | Noticed Aizul
 30619 | Snake:3  | Killed Aizul
 32089 | Snake:3  | Found a gateway to a bazaar.
 32152 | Snake:4  | Entered Level 4 of the Snake Pit
 32322 | Snake:4  | Identified the +3 halberd of Daskecwey {vorpal, Int+4 SInv}
 34941 | Snake:4  | Got a serpentine rune of Zot
 35166 | Shoals:1 | Entered Level 1 of the Shoals
 35323 | Shoals:1 | Reached skill level 15 in Invocations
 35505 | Shoals:1 | Reached XP level 19. HP: 77/174 MP: 29/29
 38144 | Shoals:3 | Noticed Ilsuiw
 38165 | Shoals:3 | Killed Ilsuiw
 38998 | Shoals:4 | Entered Level 4 of the Shoals
 39135 | Shoals:4 | Identified the +2 falchion of Greed {freeze, rN++}
 39843 | Shoals:4 | Got a barnacled rune of Zot
 39953 | Shoals:4 | Identified the +5 short sword "Soag" {venom, rElec Dex+3}
 40179 | Shoals:4 | Reached XP level 20. HP: 170/187 MP: 31/31
 40662 | Shoals:4 | Found Huceghux's Gadget Gallery.
 41488 | Depths:1 | Found a one-way gateway to a ziggurat.
 41489 | Depths:1 | Noticed a dread lich
 41748 | Depths:1 | Found Hacua's Antique Armour Boutique.
 41750 | Depths:1 | Found Hime's Antique Weapon Boutique.
 41750 | Depths:1 | Found Zeivvoca's Antique Weapon Shop.
 41753 | Depths:1 | Found Ewenept's Assorted Antiques.
 42002 | Depths:1 | Found a gateway to Hell.
 42408 | Depths:1 | Killed a dread lich
 43503 | Depths:2 | Found a shadowy altar of Dithmenos.
 43623 | Depths:2 | Noticed inmateoo's ghost (veteran MiFi)
 43623 | Depths:2 | Noticed Vorhees's ghost (adept TrGl)
 43653 | Depths:2 | Found a transporter.
 43784 | Depths:2 | Found a transporter.
 44024 | Depths:2 | HP: 9/189 [hell knight/+1 long sword of flaming (15)]
 44353 | Depths:1 | Identified the +6 quarterstaff of Destiny {antimagic,
                  | Fragile rN+ Dex+4}
 44582 | Depths:2 | Found Desme's Assorted Antiques.
 44596 | Depths:2 | Found Micaec's Weapon Boutique.
 44598 | Depths:2 | Found Sioriunn's Assorted Antiques.
 44602 | Depths:2 | Bought a potion of resistance for 350 gold pieces
 44797 | Depths:2 | Noticed a pearl dragon
 44815 | Depths:2 | Killed from afar by a pearl dragon

Illustrated notes

############
#..........#
#..........# ###
#..........# #<#
#..........#
###.####..........#
..Z..ZZ.Z.......@.#
###.###ZZ)........#
Z.#.###.Z.......).#
#.#...).).........#
#.#.#...#.........#
#.###(...##.......#
#........##.......#
....##..#.........#
....#)............#


Turn 7578 on D:8: bestwep

Levels and vault maps discovered:
D:1:      minmay_arrival_three_doors, layout_rooms, minmay_small_reverse_x
D:2:      layout_basic
D:3:      layout_loops_ring, ebering_ecumenical_altar_rust, st_stairs_4,
          minmay_checkerbox
D:4:      layout_rooms, bloody_makhleb, amcnicky_mini_rare_corridor_liquid,
          uniq_grinder
D:5:      layout_loops_ring, uniq_pikel, uniq_eustachio
D:6:      layout_loops_ring, nicolae_wu_jian_immortal_techniques,
          vehumet_crystals, temple_hall, uniq_duvessa, uniq_menkaure,
          uniq_prince_ribbit1
D:7:      layout_basic, serial_bayou_lagoon_a, minmay_misc_feat_rows
D:8:      layout_basic, nicolae_qazlal_style_of_elements,
          hangedman_decor_growths, serial_bayou_lake_a, uniq_joseph, uniq_maggie
D:9:      layout_roguey, minmay_misc_feat_chi, uniq_psyche
D:10:     layout_roguey, david_orc_3, mrwooster_statue_mirror,
          nicolae_specific_store
D:11:     layout_basic, due_lair_maze_entry_diamond, uniq_nergalle
D:12:     layout_cave_pools, enter_trove_5, serial_ice, serial_ice_o,
          serial_ice_c, serial_ice_d, serial_ice_k, kennysheep_flooded_box,
          minmay_misc_feat_tiny, roderic_three_in_a_row, drop_trap,
          guppyfry_shop_venom
D:13:     layout_loops_cross
D:14:     layout_grid_maze, hangedman_vaults_entry_quadrant_bands
D:15:     grunt_enter_depths_snipers, layout_irregular_city, serial_shops,
          nicolae_shop_trees, nicolae_cairo_tiling_large,
          nicolae_diode_intersection
Temple:   nicolae_temple_bog_church
Lair:1:   layout_gridlike, serial_bayou_pond_b, hangedman_lair_generics_rect
Lair:2:   cheibrodos_lair_overgrown_chateau, layout_regular_city,
          serial_bayou_shore_b
Lair:3:   statuecave_lemuel, layout_loops_ring, elwin_shoals_entry_stream,
          dummy_snake_entry, gammafunk_ghost_cemetery, grunt_megastairs_1
Lair:4:   nzn_winding_woodlands_stair_trap [nzn_winding_woodlands_5x15_twine,
          nzn_winding_woodlands_5x15_pathside_ponds,
          nzn_winding_woodlands_5x15_garden,
          nzn_winding_woodlands_15x15_eel_pit,
          nzn_winding_woodlands_5x15_pockets,
          nzn_winding_woodlands_5x15_split_checker,
          nzn_winding_woodlands_5x15_pool], layout_regular_city,
          chequers_serial_rivers_small_a
Lair:5:   layout_cellular_growth
Lair:6:   due_jungle_book, layout_regular_city, nicolae_slime_entry_slimehenge,
          infiniplex_staircase_pool_2, lemuel_fruit_fields, lemuel_fruit_fields,
          serial_bayou_shore_b
Shoals:1: layout_shoals, st_cyclops
Shoals:2: layout_shoals
Shoals:3: layout_shoals, nicolae_shoals_lost_giant_amphitheater,
          nicolae_shoals_nautilus_by_nature, uniq_ilsuiw
Shoals:4: shoals_end_grunt_ice, layout_shoals, nicolae_shop_gadgets
Snake:1:  layout_onion, nicolae_snake_double_loop, nicolae_alphabet_shops
Snake:2:  layout_rooms, uniq_vashnia
Snake:3:  layout_cave_pods, serial_shops, statue_bzr, uniq_aizul
Snake:4:  minmay_snake_end_coiled, layout_cave_town
Orc:1:    layout_caves, serial_shops, lemuel_statue_altar, uniq_snorg,
          uniq_erolcha
Orc:2:    grunt_orc_gardens, layout_diamond_mine, grunt_orc_garden,
          grunt_orc_garden, grunt_orc_garden, grunt_orc_garden, basic_altar,
          david_defended_altar_orc
Depths:1: layout_forbidden_donut, enter_ziggurat_d, lightli_too_deep,
          hex_medium, kennysheep_generic_room_16, minmay_shoptagon,
          firewood_loft
Depths:2: minmay_thinvault, layout_gridville, rand_demon_pan_entry_4,
          nzn_ghost_randoct, hell_entry, nicolae_dithmenos_shadow_blocks,
          hallowed_hall, minmay_shop_star

Skill      XL: |  1  2  3  4  5  6  7  8  9 10 11 12 13 14 15 16 17 18 19 20 |
---------------+-------------------------------------------------------------+-----
Shields        | 3 4 6 7 8 10 11 13 14 | 14.6
Unarmed Combat | 3 4 5 6 9 11 12 14 15 16 17 18 | 18.0
Fighting       | 4 5 7 8 10 12 13 14 15 16 17 18 | 18.4
Ranged Weapons | 1 2 3 |  3.0
Armour         | 4 7 8 9 11 12 | 12.0
Invocations    | 5 6 9 12 13 15 16 | 16.9
Evocations     | 3 6 8 9 |  9.0
Dodging        | 3 5 6 |  6.0

Action                   |  1- 3 |  4- 6 |  7- 9 | 10-12 | 13-15 | 16-18 | 19-21 || total
-------------------------+-------+-------+-------+-------+-------+-------+-------++-------
Melee: Unarmed           |   133 |   193 |   338 |   490 |   694 |   666 |   506 ||  3020
       Dagger            |       |     6 |       |       |       |       |       ||     6
 Fire: Sling             |    17 |    57 |    13 |     1 |       |     2 |     4 ||    94
Throw: Stone             |     4 |       |       |       |       |       |       ||     4
       Dart              |       |       |       |     4 |       |       |       ||     4
Invok: Recall Undead Har |       |       |     2 |     9 |    14 |    23 |     8 ||    56
       Dark Bargain      |       |       |       |     2 |    10 |    13 |     8 ||    33
       Bind Soul         |       |       |       |     1 |     1 |     2 |     1 ||     5
       Drain Life        |       |       |       |       |     7 |     4 |     6 ||    17
Evoke: Wand              |       |       |     2 |       |     1 |       |     1 ||     4
  Use: Scroll            |       |     5 |    10 |    11 |     6 |       |     5 ||    37
       Potion            |       |     1 |       |       |       |     2 |     3 ||     6
 Stab: Distracted        |       |       |       |     2 |     9 |     7 |     9 ||    27
       Invisible         |       |       |       |       |     1 |       |       ||     1
Armor: Scale mail        |    38 |    17 |       |       |       |       |       ||    55
       Chain mail        |       |    48 |    88 |       |   190 |   221 |    57 ||   604
       Plate armour      |       |       |     4 |   177 |    38 |       |   123 ||   342
       Leather armour    |       |       |       |       |       |    17 |       ||    17
Dodge: Dodged            |    73 |   101 |   106 |   173 |   293 |   375 |   188 ||  1309
Block: Buckler           |    21 |    33 |    73 |   216 |   349 |   402 |       ||  1094
       Reflection        |       |       |     2 |     2 |    10 |    80 |    46 ||   140
       Tower shield      |       |       |       |       |       |    74 |   497 ||   571
       Kite shield       |       |       |       |       |       |       |    89 ||    89

Table legend: (Time is in decaauts)
 A = Elapsed time spent in this place.
 B = Non-inter-level travel time spent in this place.
 C = Inter-level travel time spent in this place.
 D = Time resting spent in this place.
 E = Time spent auto-exploring this place.
 F = Levels seen in this place.
 G = Mean time per level.
                   A        B        C        D        E       F      G
               +--------+--------+--------+--------+--------+-----+--------+
         Total |  44426 |  41281 |   3145 |   3595 |  29629 |  34 | 1306.6 |
       Dungeon |  16433 |  15083 |   1350 |    517 |  10940 |  15 | 1095.5 |
        Temple |    190 |    180 |     10 |      0 |    157 |   1 |  190.0 |
          Lair |   9604 |   8669 |    935 |    261 |   6969 |   6 | 1600.7 |
        Shoals |   5747 |   5566 |    181 |    513 |   4174 |   4 | 1436.8 |
     Snake Pit |   7461 |   7020 |    441 |   1988 |   3878 |   4 | 1865.2 |
  Orcish Mines |   2155 |   2081 |     74 |      0 |   1819 |   2 | 1077.5 |
        Depths |   2835 |   2683 |    152 |    316 |   1690 |   2 | 1417.5 |
               +--------+--------+--------+--------+--------+-----+--------+

Top non-repeatable levels by time:
 Snake:3: 2673 daAuts
    D:15: 2642 daAuts
 Snake:4: 2353 daAuts
Depths:1: 1945 daAuts
  Lair:2: 1929 daAuts
Shoals:4: 1871 daAuts
  Lair:6: 1710 daAuts
Shoals:3: 1626 daAuts
  Lair:4: 1566 daAuts
  Lair:1: 1550 daAuts
  Lair:3: 1522 daAuts
Shoals:1: 1514 daAuts
    D:14: 1476 daAuts
 Snake:1: 1385 daAuts
  Lair:5: 1324 daAuts
